 Dungeon Sprint DCSS version 0.31-a0-960-g0fca184906 (webtiles) character file.

Game seed: 11317750470391848871

27443 rocky1 the Shatterer (level 13, -3/103 HPs)
             Began as a Gargoyle Fighter on Oct 23, 2023.
             Was an Initiate of Gozag.
             Killed from afar by a will-o-the-wisp (29 damage)
             ... with a foxfire
             ... in the Dungeon (Sprint IX: "|||||||||||||||||||||||||||||").
             The game lasted 00:18:34 (4434 turns).

rocky1 the Shatterer (Gargoyle Fighter)             Turns: 4434, Time: 00:18:35

Health: -3/103     AC: 34    Str: 36    XL:     13   Next: 32%
Magic:  22/22      EV: 12    Int:  8    God:    Gozag
Gold:   831        SH:  6    Dex:  9    Spells: 12/12 levels left

rFire   . . .        E - +0 eveningstar (drain)
rCold   . . .        c - +0 buckler
rNeg    + + .        C - +4 chain mail "Yschuf" {Str+5}
rPois   ∞            (no helmet)
rElec   +            L - +1 cloak
rCorr   +            o - +0 pair of gloves
SInv    .            M - +1 pair of boots
Will    +++..        k - amulet of the Four Winds {rN+ Will+++ Clar} Stlth
                     w - ring of Bahaab {rCorr MP+9 Str+2}
HPRegen 0.37/turn    r - +3 ring of strength
MPRegen 0.18/turn

%: no teleportation, clarity
@: mighty, invisible
A: sickness immunity, AC +9, negative energy resistance 1, electricity
resistance, torment resistance 1, petrification resistance
a: Renounce Religion, Potion Petition, Call Merchant, Bribe Branch


You were in the Dungeon.
You worshipped Gozag.
Gozag was pleased with you.
You visited 1 branch You collected 10151 gold pieces.
You spent 1848 gold pieces at shops.
You paid 7472 gold pieces to Gozag.

Inventory:

Hand Weapons
 n - a +2 morningstar of protection
 B - a +2 heavy great mace
 E - a +0 eveningstar of draining (weapon)
Missiles
 u - 4 boomerangs
 z - a throwing net
 A - 4 atropa-tipped darts
Armour
 c - a +0 buckler (worn)
 o - a +0 pair of gloves (worn)
 C - the +4 chain mail "Yschuf" (worn) {Str+5}
   (You bought it in a shop in the Dungeon)

   Str+5:     It affects your strength (+5).
 K - a +2 chain mail of positive energy
 L - a +1 cloak (worn)
 M - a +1 pair of boots (worn)
Jewellery
 k - the amulet of the Four Winds (around neck) {rN+ Will+++ Clar}
   (You found it in the Dungeon)

   [amulet of nothing]

   rN+:       It protects you from negative energy.
   Will+++:   It greatly increases your willpower.
   Clar:      It protects you from confusion, rage, mesmerisation and fear.
 r - a +3 ring of strength (right hand)
 s - a +3 ring of dexterity
 w - the ring of Bahaab (left hand) {rCorr MP+9 Str+2}
   (You bought it in a shop in the Dungeon)

   [ring of resist corrosion]

   Str+2:     It affects your strength (+2).
   MP+9:      It affects your magic capacity (+9).
   rCorr:     It protects you from acid and corrosion.
 G - an amulet of magic regeneration
 H - a ring of see invisible
 I - a ring of protection from cold
 J - a ring of fire
Scrolls
 j - 2 scrolls of blinking
 l - 3 scrolls of amnesia
 m - 4 scrolls of enchant weapon
 q - a scroll of identify
 t - 4 scrolls of fear
 v - a scroll of fog
 x - a scroll of butterflies
 D - a scroll of revelation
 F - 3 scrolls of enchant armour
Potions
 a - a potion of brilliance
 d - a potion of might
 e - 2 potions of curing
 g - 2 potions of haste
 h - 4 potions of magic
 i - 2 potions of berserk rage
 p - 2 potions of mutation


   Skills:
 + Level 20.7 Fighting
 + Level 21.1 Maces & Flails
 + Level 15.6 Armour
 + Level 7.7 Dodging
 - Level 5.2 Stealth
 + Level 12.6 Shields


You had 12 spell levels left.
You didn't know any spells.
Your spell library was empty.

Dungeon Overview and Level Annotations

Branches:
Dungeon (1/1)

Altars:
Cheibriados
Dithmenos
Elyvilon
Fedhas
Gozag
Hepliaklqana
Kikubaaqudgha
Makhleb
Nemelex Xobeh
Okawaru
Qazlal
Ru
Sif Muna
Trog
Uskayaw
Vehumet
Wu Jian
Xom
Yredelemnul
Zin
The Shining One
Jiyva
Lugonu

Shops:
D (([=?[*[


Innate Abilities, Weirdness & Mutations

You are immune to sickness and miasma.
Your stone body is resilient. (AC +9)
You are immune to poison.
You resist negative energy. (rN+)
You are resistant to electric shocks. (rElec)
You are resistant to unholy torment.
You are immune to petrification.


Message History

The will-o-the-wisp is distracted by your dazzling golden aura.
The will-o-the-wisp gives a chilling moan.
There is an open door to the Swamp here.
The swamp dragon roars deafeningly!
A tree reaches out and hits you.
The swamp dragon roars deafeningly!
You feel yourself slow down.
The will-o-the-wisp is distracted by your dazzling golden aura.
The spriggan druid is distracted by your dazzling golden aura.
You see here 81 gold pieces.
Your enlightenment fades.
The spriggan druid is no longer distracted by gold.
You see here 63 gold pieces.
The will-o-the-wisp is no longer distracted by gold.
The spriggan druid is distracted by your dazzling golden aura.
You see here 81 gold pieces.
The spriggan druid is no longer distracted by gold.
A tree reaches out and hits you.
An alligator comes into view.
You closely miss the will-o-the-wisp.
The will-o-the-wisp is no longer distracted by gold.
The will-o-the-wisp gives a chilling moan.
The swamp dragon roars deafeningly!
You hear a hideous shriek!
A tree reaches out and hits you!
* * * LOW HITPOINT WARNING * * *
The will-o-the-wisp engulfs you but does no damage.
The swamp dragon roars deafeningly!
The will-o-the-wisp attacks as it pursues you!
The will-o-the-wisp engulfs you but does no damage.
The will-o-the-wisp gestures.
The will-o-the-wisp conjures some marshlight!
The will-o-the-wisp gestures.
The will-o-the-wisp conjures some marshlight! 2 foxfires come into view.
You see here 81 gold pieces.
You puncture the foxfire!
The foxfire is lightly damaged.
The foxfire hits you!!
You die...
Your body crumbles into a pile of gold.

▓▓▓▓▓▓▓▓▓▓▓▓▓▓▓▓▓▓▓♣♣♣♣♣♣♣♣
$$$$$$$.)'$$$$.$@vvnivvDFt.
▓▓▓▓▓▓▓▓▓▓▓▓▓▓▓▓▓▓▓♣♣♣♣♣♣♣♣♣♣▓▓▓▓
.................................
▓▓▓▓▓▓▓▓▓▓▓▓▓▓▓▓▓▓▓▓▓▓▓▓▓▓▓▓▓▓▓▓▓
))))))).[[[[[..[..........')))).)
▓▓▓▓▓▓▓▓▓▓▓▓▓▓▓▓▓▓▓▓▓▓▓▓▓▓▓▓▓▓▓▓▓
.................................
▓▓▓▓▓▓▓▓▓▓▓▓▓▓▓▓▓▓▓▓▓▓▓▓▓▓▓▓▓▓▓▓▓
[..)[[..∩∩∩'[[[[[[)[[[[.))).))∩)∩


You could see a swamp dragon (wandering, unable to see you), a spriggan druid, 2
will-o-the-wisps and a bloated husk (unable to see you).

Vanquished Creatures
  2 stone giants (D)
  An ettin (D)
  A merfolk impaler (D)
  A rakshasa (D)
  Harold (D)
  An ice dragon (D)
  A centaur warrior (D)
  3 boulder beetles (D)
  A hydra (D)
  A death knight (D)
  A catoblepas (D)
  An ogre mage (D)
  A merfolk avatar (D)
  2 death yaks (D)
  2 tengu warriors (D)
  2 pharaoh ants (D)
  A steelbarb worm (D)
  3 orc knights (D)
  6 orc sorcerers (D)
  A deep elf pyromancer (D)
  A wolf spider (D)
  A moth of wrath (D)
  An ugly thing (D)
  A manticore (D)
  A cyclops (D)
  An elephant (D)
  2 black mambas (D)
  2 cane toads (D)
  2 rime drakes (D)
  A meliai (D)
  A komodo dragon (D)
  A wind drake (D)
  2 merfolk (D)
  2 trolls (D)
  A tarantella (D)
  A snapping turtle (D)
  A shadow (D)
  8 yaks (D)
  A water elemental (D)
  A vampire mosquito (D)
  A basilisk (D)
  3 redbacks (D)
  4 water moccasins (D)
  8 orc warriors (D)
  A black bear (shapeshifter) (D)
  A wolf (D)
  A bullfrog (D)
  A gnoll sergeant (D)
  A scorpion (D)
  A howler monkey (D)
  A jelly (D)
  4 orc priests (D)
  14 orc wizards (D)
  A worm (D)
  7 orcs (D)
  A giant cockroach (D)
  A goblin (D)
  A jackal (D)
  2 ball pythons (D)
119 creatures vanquished.

Vanquished Creatures (others)
  A hydra (D)
1 creature vanquished.

Grand Total: 120 creatures vanquished

Notes
Turn   | Place    | Note
-------+----------+-------------------------------------------
     0 | D        | rocky1 the Gargoyle Fighter began the quest for the Orb.
     0 | D        | Reached XP level 1. HP: 14/14 MP: 1/1
    22 | D        | Noticed a jelly
    22 | D        | Noticed an orc wizard
    22 | D        | Noticed a scorpion
    26 | D        | Killed a jelly
    27 | D        | Reached skill level 5 in Armour
    27 | D        | Reached skill level 5 in Shields
    27 | D        | Reached XP level 2. HP: 9/20 MP: 2/2
    27 | D        | Reached XP level 3. HP: 11/25 MP: 3/3
   148 | D        | Reached skill level 5 in Fighting
   148 | D        | Reached skill level 3 in Maces & Flails
   176 | D        | Killed a scorpion
   177 | D        | Reached skill level 4 in Maces & Flails
   177 | D        | Reached XP level 4. HP: 14/32 MP: 4/4
   181 | D        | Reached XP level 5. HP: 4/37 MP: 5/5
   614 | D        | Found a snail-covered altar of Cheibriados.
   614 | D        | Found a shadowy altar of Dithmenos.
   614 | D        | Found a white marble altar of Elyvilon.
   614 | D        | Found a blossoming altar of Fedhas.
   614 | D        | Found an opulent altar of Gozag.
   615 | D        | Found a hazy altar of Hepliaklqana.
   616 | D        | Found a viscous altar of Jiyva.
   617 | D        | Found an ancient bone altar of Kikubaaqudgha.
   618 | D        | Found a corrupted altar of Lugonu.
   619 | D        | Found a burning altar of Makhleb.
   620 | D        | Found a sparkling altar of Nemelex Xobeh.
   621 | D        | Found an iron altar of Okawaru.
   622 | D        | Became a worshipper of Gozag Ym Sagoz the Greedy
   623 | D        | Found a stormy altar of Qazlal.
   624 | D        | Found a sacrificial altar of Ru.
   625 | D        | Found a shimmering blue altar of Sif Muna.
   626 | D        | Found a bloodstained altar of Trog.
   627 | D        | Found a hide-covered altar of Uskayaw.
   628 | D        | Found a radiant altar of Vehumet.
   629 | D        | Found an ornate altar of the Wu Jian Council.
   630 | D        | Found a shimmering altar of Xom.
   631 | D        | Found a basalt altar of Yredelemnul.
   632 | D        | Found a glowing silver altar of Zin.
   633 | D        | Found a glowing golden altar of the Shining One.
   690 | D        | Noticed a shadow
   690 | D        | Noticed a troll
   690 | D        | Noticed a yak
   690 | D        | Noticed an orc warrior
   694 | D        | Reached skill level 5 in Maces & Flails
   696 | D        | Reached XP level 6. HP: 44/44 MP: 6/6
   700 | D        | Killed a shadow
   701 | D        | Reached skill level 7 in Maces & Flails
   701 | D        | Reached skill level 1 in Dodging
   702 | D        | Killed a troll
   703 | D        | Reached skill level 8 in Maces & Flails
   703 | D        | Reached skill level 1 in Stealth
   703 | D        | Reached XP level 7. HP: 42/51 MP: 7/7
   707 | D        | Killed a yak
   708 | D        | Reached skill level 9 in Maces & Flails
   708 | D        | Reached skill level 10 in Armour
   885 | D        | Noticed an eight-headed hydra
   885 | D        | Noticed a troll
   885 | D        | Noticed a vampire mosquito
   885 | D        | Noticed a deep elf pyromancer
   885 | D        | Noticed a boulder beetle
   889 | D        | Killed a vampire mosquito
   889 | D        | Killed an eight-headed hydra
   890 | D        | Reached skill level 10 in Fighting
   890 | D        | Reached skill level 10 in Maces & Flails
   890 | D        | Reached XP level 8. HP: 27/59 MP: 8/8
   890 | D        | Killed a troll
   891 | D        | Reached skill level 11 in Maces & Flails
   906 | D        | Killed a deep elf pyromancer
   907 | D        | Reached XP level 9. HP: 23/64 MP: 9/9
   911 | D        | Reached skill level 12 in Maces & Flails
   917 | D        | Killed a boulder beetle
  1431 | D        | Found the amulet of the Four Winds {rN+ Will+++ Clar}
  1464 | D        | Noticed a cane toad
  1464 | D        | Noticed a komodo dragon
  1465 | D        | Noticed a black mamba
  1472 | D        | Killed a cane toad
  1473 | D        | Reached skill level 13 in Maces & Flails
  1480 | D        | Noticed a boulder beetle
  1497 | D        | Killed a komodo dragon
  1507 | D        | Killed a black mamba
  1508 | D        | Reached XP level 10. HP: 4/72 MP: 10/10
  1929 | D        | Reached skill level 14 in Maces & Flails
  1954 | D        | Killed a boulder beetle
  2234 | D        | Noticed an elephant
  2234 | D        | Noticed a cane toad
  2234 | D        | Noticed a black mamba
  2248 | D        | Killed an elephant
  2249 | D        | Reached skill level 15 in Maces & Flails
  2257 | D        | Killed a cane toad
  2264 | D        | Killed a black mamba
  2273 | D        | Reached skill level 16 in Maces & Flails
  2277 | D        | Reached skill level 10 in Shields
  2489 | D        | Bought the ring of Bahaab {rCorr MP+9 Str+2} for 601 gold
                  | pieces
  2502 | D        | Noticed a death yak
  2502 | D        | Noticed a death yak
  2503 | D        | Noticed a catoblepas
  2510 | D        | Killed a death yak
  2511 | D        | Reached XP level 11. HP: 75/80 MP: 11/11
  2521 | D        | Killed a death yak
  2530 | D        | Killed a catoblepas
  2531 | D        | Reached skill level 17 in Maces & Flails
  2638 | D        | Noticed Harold
  2664 | D        | Killed Harold
  2665 | D        | Reached skill level 15 in Fighting
  2665 | D        | Reached skill level 5 in Stealth
  2790 | D        | Noticed an orc knight
  2790 | D        | Noticed an orc knight
  2809 | D        | Killed an orc knight
  2821 | D        | Killed an orc knight
  2822 | D        | Reached skill level 18 in Maces & Flails
  2822 | D        | Reached skill level 5 in Dodging
  2933 | D        | Bought 4 atropa-tipped darts for 39 gold pieces
  2933 | D        | Bought a +2 heavy great mace for 260 gold pieces
  2951 | D        | Bought a steaming chain mail for 190 gold pieces
  2951 | D        | Identified the +4 chain mail "Yschuf" {Str+5} (You bought
                  | it in a shop in the Dungeon)
  2976 | D        | Found Bocro's Magic Scroll Emporium.
  2976 | D        | Noticed an orc sorcerer
  2976 | D        | Noticed an orc sorcerer
  2976 | D        | Noticed an orc sorcerer
  2979 | D        | Killed an orc sorcerer
  2990 | D        | Killed an orc sorcerer
  2991 | D        | Found Piusedgh's Armour Shoppe.
  2995 | D        | Noticed an orc sorcerer
  2997 | D        | Found Qoutait's General Store.
  3001 | D        | Killed an orc sorcerer
  3015 | D        | Killed an orc sorcerer
  3016 | D        | Found Berraun's Armour Shoppe.
  3022 | D        | Noticed an orc sorcerer
  3023 | D        | Noticed an orc sorcerer
  3028 | D        | Killed an orc sorcerer
  3029 | D        | Reached XP level 12. HP: 86/90 MP: 12/12
  3359 | D        | Bought a scroll of identify for 22 gold pieces
  3359 | D        | Bought a scroll of revelation for 82 gold pieces
  3359 | D        | Bought a scroll of acquirement for 572 gold pieces
  3359 | D        | Bought a scroll of enchant armour for 82 gold pieces
  3386 | D        | Acquired a +0 eveningstar of draining
  3561 | D        | Noticed a centaur warrior
  3561 | D        | Noticed a death knight
  3561 | D        | Noticed an ogre mage
  3561 | D        | Noticed a tengu warrior
  3562 | D        | Noticed a four-headed hydra
  3569 | D        | Noticed a boulder beetle
  3575 | D        | Killed a centaur warrior
  3580 | D        | Noticed a stone giant
  3587 | D        | Noticed a tengu warrior
  3588 | D        | Killed a death knight
  3589 | D        | Reached skill level 19 in Maces & Flails
  3596 | D        | Killed an ogre mage
  3599 | D        | Killed a tengu warrior
  3600 | D        | Noticed an ettin
  3605 | D        | Killed a four-headed hydra
  3609 | D        | Noticed a stone giant
  3610 | D        | Noticed a rakshasa
  3612 | D        | Noticed an ice dragon
  3621 | D        | Killed a rakshasa
  3628 | D        | Killed a stone giant
  3631 | D        | Killed an ettin
  3634 | D        | Killed a stone giant
  3639 | D        | Killed a tengu warrior
  3640 | D        | Reached skill level 20 in Maces & Flails
  3644 | D        | Killed an ice dragon
  4035 | D        | Killed a boulder beetle
  4321 | D        | Noticed a merfolk impaler
  4321 | D        | Noticed a merfolk avatar
  4336 | D        | Killed a merfolk impaler
  4337 | D        | Reached skill level 15 in Armour
  4337 | D        | Reached XP level 13. HP: 82/101 MP: 13/13
  4408 | D        | Reached skill level 21 in Maces & Flails
  4434 | D        | Killed from afar by a will-o-the-wisp

Illustrated notes

Levels and vault maps discovered:
D:        linesprint [early_d, line_temple, items_1, d_10, items_2, lair_1,
          lair_end, items_3, orc_1, orc_end, items_4, d_15, swamp_1, shoals_1,
          snake_1, spider_1, d_20, vaults_1, items_5, swamp_end, shoals_end,
          snake_end, spider_end, vaults_end, d_27, items_6, zot_1, zot_end,
          crypt_end, forest_end, elf_end, slime_end, tomb_end, abyss_end,
          pan_hell_end]

Skill      XL: |  1  2  3  4  5  6  7  8  9 10 11 12 13 |
---------------+----------------------------------------+-----
Fighting       | 4 5 6 7 9 10 11 12 14 16 19 20 | 20.7
Armour         | 5 6 7 9 11 12 13 14 15 | 15.6
Shields        | 5 6 7 8 9 10 12 | 12.6
Maces & Flails | 4 5 8 10 11 13 16 18 20 21 | 21.1
Dodging        | 1 2 3 4 5 7 |  7.7
Stealth        | 1 2 3 5 |  5.2

Action                     |  1- 3 |  4- 6 |  7- 9 | 10-12 | 13-15 || total
---------------------------+-------+-------+-------+-------+-------++-------
  Melee: Flail             |    44 |     6 |       |       |       ||    50
         Morningstar       |       |     7 |    65 |   253 |       ||   325
         Eveningstar       |       |       |       |    85 |    55 ||   140
 Invoke: Potion Petition   |       |       |       |     8 |     2 ||    10
         Call Merchant     |       |       |       |     4 |       ||     4
  Evoke: Wand              |       |     3 |     7 |       |       ||    10
    Use: Potion            |     1 |     1 |     2 |     8 |     1 ||    13
         Scroll            |       |       |       |     2 |       ||     2
   Stab: Distracted        |       |       |       |     1 |       ||     1
         Petrifying        |       |       |       |     1 |       ||     1
         Petrified         |       |       |       |     1 |       ||     1
         Invisible         |       |       |       |     4 |    14 ||    18
 Armour: Scale mail        |    35 |    19 |    53 |    77 |       ||   184
         Chain mail        |       |       |       |    72 |    34 ||   106
  Dodge: Dodged            |    16 |     7 |    19 |    75 |    18 ||   135
  Block: Buckler           |     4 |     1 |    11 |    40 |     7 ||    63

Table legend: (Time is in decaauts)
 A = Elapsed time spent in this place.
 B = Non-inter-level travel time spent in this place.
 C = Inter-level travel time spent in this place.
 D = Time resting spent in this place.
 E = Time spent auto-exploring this place.
 F = Levels seen in this place.
 G = Mean time per level.
                   A        B        C        D        E       F      G
               +--------+--------+--------+--------+--------+-----+--------+
         Total |   4292 |   4292 |      0 |   2624 |      0 |   1 | 4292.0 |
       Dungeon |   4292 |   4292 |      0 |   2624 |      0 |   1 | 4292.0 |
               +--------+--------+--------+--------+--------+-----+--------+

Top non-repeatable levels by time:
       D: 4292 daAuts
